[Event "Team 45 45 League T45"]
[Site "Internet Chess Club"]
[Date "2010.05.23"]
[Round "3"]
[White "PHILOCHESS"]
[Black "CaoCao"]
[Result "1-0"]
[WhiteElo "2037"]
[BlackElo "1969"]
[Opening "King's pawn game"]
[ECO "C20"]
[Time "16:00:16"]
[TimeControl "2700+45"]

1. e4 e5 2. b3 Nf6 3. Nc3 Nc6 4. Nf3 Bc5 5. Bc4 O-O 6. O-O d6 7. Bb2 Bg4 8. h3
Bxf3 9. Qxf3 Nd4 10. Qd1 c6 11. Re1 b5 12. Bd3 Qd7 13. Re3 a5 14. Rg3 g6 15. Ne2
Ne6 16. c3 Nh5 17. Rg4 Qa7 18. Qf1 Rad8 19. a4 b4 20. Bc2 Nhg7 21. Rd1 f5 22.
exf5 Nxf5 23. Bxf5 Rxf5 24. d4 bxc3 25. Bxc3 Bb6 26. f3 d5 27. Kh2 e4 28. Ng3
Bc7 29. Qe1 Bxg3+ 30. Rxg3 Re8 31. fxe4 Ng5 32. e5 Ne4 33. Bxa5 Ref8 34. Bc3 Rf1
35. Qe2 Rxd1 36. Qxd1 Qa6 37. Rf3 Qc8 38. Bb4 Re8 39. Ba3 Qe6 40. Qc2 Rc8 41.
Bc5 h5 42. a5 g5 43. a6 g4 44. Rf4 g3+ 45. Kg1 Qh6 46. Qc1 Qg5 47. Rf8+ Rxf8 48.
Qxg5+ Nxg5 49. Bxf8 {Black resigns} 1-0

[Event "Team 45 45 League T45"]
[Site "Internet Chess Club"]
[Date "2010.05.23"]
[Round "3"]
[White "primerpaso"]
[Black "makito"]
[Result "1/2-1/2"]
[WhiteElo "1882"]
[BlackElo "1884"]
[Opening "English: symmetrical, Rubinstein system"]
[ECO "A34"]
[Time "12:02:24"]
[TimeControl "2700+45"]

1. c4 c5 2. Nc3 Nf6 3. g3 d5 4. cxd5 Nxd5 5. Bg2 Nc7 6. Nf3 Nc6 7. O-O e5 8. a3
Be7 9. b4 O-O 10. b5 Nd4 11. a4 Be6 12. Rb1 Nxf3+ 13. Bxf3 Rb8 14. d3 a6 15. b6
Nd5 16. Nxd5 Bxd5 17. Bxd5 Qxd5 18. Qb3 Rbd8 19. Ba3 Qc6 20. Rfc1 Rd5 21. Rc4
Rc8 22. Rbc1 Qd7 23. R1c3 Rd4 24. e3 Rxc4 25. Rxc4 Qd5 26. d4 exd4 27. exd4 Bf6
28. dxc5 Re8 29. Bb4 Bd4 30. Qc2 Re4 31. Kf1 Re6 32. Kg1 Rf6 33. Be1 Re6 34. Bb4
Rc6 35. Qc1 h6 36. Rc2 Qe4 37. Qd2 Kh7 {Game drawn by mutual agreement} 1/2-1/2

[Event "Team 45 45 League T45"]
[Site "Internet Chess Club"]
[Date "2010.05.24"]
[Round "3"]
[White "incachess"]
[Black "frank001"]
[Result "0-1"]
[WhiteElo "1628"]
[BlackElo "1889"]
[Opening "English: symmetrical, main line with d3"]
[ECO "A30"]
[Time "16:06:01"]
[TimeControl "2700+45"]

1. c4 c5 2. g3 Nc6 3. Nf3 Nf6 4. d3 g6 5. Bg2 Bg7 6. Nc3 O-O 7. O-O d5 8. Nxd5
Nxd5 9. cxd5 Qxd5 10. a3 Qh5 11. Qc2 b6 12. d4 Bf5 13. Qc4 Na5 14. Qc3 cxd4 15.
Nxd4 Rac8 16. Qe3 Bxd4 17. Qxd4 Nb3 18. Qe5 Nxa1 19. Bf3 Bg4 20. Qxe7 Bxf3 21.
exf3 Qxf3 22. Bh6 Rfe8 23. Qxa7 Nb3 24. Qxb6 Rcd8 25. h4 Nd4 26. Qc5 Ne2+ 27.
Kh2 Nxg3 28. Rg1 Ne4 29. Qb6 Nxf2 30. Rf1 Qh3+ 31. Kg1 Qg3# {White checkmated}
0-1

[Event "Team 45 45 League T45"]
[Site "Internet Chess Club"]
[Date "2010.05.22"]
[Round "3"]
[White "QueensCounselor"]
[Black "Merciful"]
[Result "1-0"]
[WhiteElo "2112"]
[BlackElo "2072"]
[Opening "Sicilian: Hungarian variation"]
[ECO "B34"]
[Time "15:09:42"]
[TimeControl "2700+45"]

1. e4 c5 2. Nf3 g6 3. Nc3 Bg7 4. d4 cxd4 5. Nxd4 Nc6 6. Be3 Nf6 7. f3 Qb6 8. Nf5
Qxb2 9. Na4 Qa3 10. Nxg7+ Kd8 11. c3 d6 12. Bc1 {Black resigns} 1-0

[Event "Team 45 45 League T45"]
[Site "Internet Chess Club"]
[Date "2010.05.20"]
[Round "3"]
[White "Buckeye22"]
[Black "SaltofLife"]
[Result "1-0"]
[WhiteElo "2046"]
[BlackElo "1842"]
[Opening "Dutch defense"]
[ECO "A90"]
[Time "15:06:48"]
[TimeControl "2700+45"]

1. d4 e6 2. c4 f5 3. g3 Nf6 4. Bg2 c6 5. Nh3 d6 6. O-O Be7 7. Nc3 O-O 8. Re1 Qc7
9. e4 e5 10. dxe5 dxe5 11. exf5 Bxf5 12. Ng5 Nbd7 13. Qe2 Rae8 14. Nge4 Nc5 15.
Nxf6+ Bxf6 16. Ne4 Nxe4 17. Bxe4 Bxe4 18. Qxe4 Qb6 19. Be3 Qxb2 20. Rab1 Qxa2
21. Rxb7 a5 22. Bc5 Rf7 23. Qxc6 Rd8 24. Qe6 Rf8 25. Qxf7+ {Black resigns} 1-0

[Event "Team 45 45 League T45"]
[Site "Internet Chess Club"]
[Date "2010.05.20"]
[Round "3"]
[White "fledermaus"]
[Black "imgr8"]
[Result "0-1"]
[WhiteElo "1931"]
[BlackElo "2076"]
[Opening "Richter-Veresov attack"]
[ECO "D01"]
[Time "16:01:30"]
[TimeControl "2700+45"]

1. d4 Nf6 2. Nc3 d5 3. Bg5 Nbd7 4. f3 e6 5. e4 dxe4 6. fxe4 Be7 7. e5 Nd5 8.
Bxe7 Qxe7 9. Nxd5 exd5 10. Qd2 Qh4+ 11. g3 Qe4+ 12. Kf2 Qxh1 13. Nf3 h5 14. Re1
h4 15. Bg2 hxg3+ 16. Kxg3 Qxe1+ 17. Qxe1 Nf8 18. Ng5 c6 19. Qf2 Be6 20. h4 Rc8
21. Bh3 Rc7 22. Bxe6 Nxe6 23. c3 Re7 24. Qf5 Rh6 25. b4 Kf8 26. Kg4 b6 27. h5 g6
28. Nxe6+ Rxe6 29. hxg6 Rhxg6+ 30. Kf3 Ke7 31. b5 Rgf6 32. exf6+ Rxf6 33. Qxf6+
Kxf6 34. bxc6 Ke6 35. Kf4 Kd6 36. Kf5 Kxc6 37. Kf6 Kb5 38. Kxf7 Kc4 39. Ke6 b5
40. Ke5 a5 41. Kd6 a4 42. Kc6 a3 43. Kd6 Kxc3 44. Kxd5 b4 {White resigns} 0-1

[Event "Team 45 45 League T45"]
[Site "Internet Chess Club"]
[Date "2010.05.22"]
[Round "3"]
[White "irock"]
[Black "jonesey"]
[Result "1-0"]
[WhiteElo "1728"]
[BlackElo "1938"]
[Opening "Sicilian: Alapin's variation (2.c3)"]
[ECO "B22"]
[Time "07:25:06"]
[TimeControl "2700+45"]

1. e4 c5 2. c3 Nf6 3. e5 Nd5 4. d4 cxd4 5. Nf3 Nc6 6. cxd4 d6 7. Bc4 Nb6 8. Bb3
dxe5 9. d5 e4 10. dxc6 Qxd1+ 11. Bxd1 exf3 12. Bxf3 bxc6 13. Bxc6+ Bd7 14. Bxa8
Nxa8 15. Nc3 g6 16. Be3 Nb6 17. Bd4 f6 18. O-O Kf7 19. Rad1 Bc6 20. Rfe1 e6 21.
f4 Be7 22. Ne4 Bxe4 23. Rxe4 Rd8 24. Rde1 Rxd4 25. Rxe6 Bb4 26. R6e4 Bc5 27. Kh1
f5 28. Rxd4 Bxd4 29. b3 Bc3 30. Rc1 Nd5 31. g3 Ke6 32. Kg2 Kd6 33. Kf3 Kc5 34.
Ke2 Kd4 35. Rd1+ Ke4 36. Rc1 Bd4 37. Rc4 Nc3+ 38. Kd2 Nxa2 39. Rc7 Be3+ 40. Kd1
Nc1 41. b4 Na2 42. b5 Kd3 43. Rxh7 Nc3+ 44. Ke1 Nxb5 45. Rg7 Nd4 46. Kf1 a5 47.
Rxg6 Ke4 48. Kg2 Nb3 49. h4 a4 50. h5 Bd4 51. h6 Kd5 52. h7 Kc4 53. g4 fxg4 54.
f5 a3 55. Ra6 Kb4 56. f6 Na5 57. h8=Q a2 58. Rxa5 {Black resigns} 1-0

[Event "Team 45 45 League T45"]
[Site "Internet Chess Club"]
[Date "2010.05.25"]
[Round "3"]
[White "LazyPeon"]
[Black "basserben"]
[Result "0-1"]
[WhiteElo "1610"]
[BlackElo "1613"]
[Opening "Queen's pawn game"]
[ECO "A45"]
[Time "15:00:21"]
[TimeControl "2700+45"]

1. d4 Nf6 2. e3 g6 3. Nf3 Bg7 4. Be2 O-O 5. b3 d5 6. Bb2 Nc6 7. O-O Bf5 8. c4
Nb4 9. Nc3 c6 10. a3 Na6 11. Rc1 Nc7 12. Re1 b6 13. Ne5 Qd6 14. Bf3 Nd7 15. Nxd7
Qxd7 16. cxd5 Nxd5 17. Na4 Nf6 18. Bxc6 Qd6 19. Bxa8 Rxa8 20. h3 Qe6 21. Qf3 Rd8
22. Nc3 Qxb3 23. Re2 a5 24. g4 Be6 25. Rec2 Rc8 26. Qe2 Bc4 27. Qd1 b5 28. Ne2
Rb8 29. Rd2 Qxd1+ 30. Rcxd1 Ne4 31. Bc3 Bxe2 32. Rxe2 Nxc3 33. Ree1 Nxd1 34.
Rxd1 b4 35. axb4 axb4 36. Rb1 Kf8 37. Kg2 Ke8 38. Kf3 Kd7 39. Ke4 Bf8 40. Kd5
e6+ 41. Kc4 Kc6 42. Ra1 b3 43. Rb1 b2 44. e4 Ba3 45. d5+ exd5+ 46. exd5+ Kd6 47.
f4 Rb4+ 48. Kc3 Kxd5 49. Rd1+ Ke4 {White resigns} 0-1

[Event "Team 45 45 League T45"]
[Site "Internet Chess Club"]
[Date "2010.05.22"]
[Round "3"]
[White "toukon"]
[Black "UnderRated"]
[Result "1-0"]
[WhiteElo "1580"]
[BlackElo "1683"]
[Opening "Sicilian: Taimanov variation"]
[ECO "B45"]
[Time "08:12:14"]
[TimeControl "2700+45"]

1. e4 c5 2. Nf3 e6 3. Nc3 Nc6 4. d4 cxd4 5. Nxd4 d6 6. Be3 Nf6 7. f3 Be7 8. Qd2
a6 9. O-O-O d5 10. exd5 Nxd5 11. Nxc6 bxc6 12. Bc4 Qa5 13. Bd4 O-O 14. Kb1 Bb4
15. Bxd5 cxd5 16. Qg5 f6 17. Qe3 e5 18. Bb6 d4 19. Bxa5 dxe3 20. Bxb4 a5 21.
Bxf8 Kxf8 22. Nd5 e2 23. Rd2 Bb7 24. Re1 Rd8 25. c4 Ba6 26. b3 a4 27. Rexe2 axb3
28. axb3 Rb8 29. Kc2 {Black resigns} 1-0

[Event "Team 45 45 League T45"]
[Site "Internet Chess Club"]
[Date "2010.05.24"]
[Round "3"]
[White "slipkid"]
[Black "SilverBlade"]
[Result "1-0"]
[WhiteElo "1619"]
[BlackElo "1598"]
[Opening "Scotch: Schmidt variation"]
[ECO "C45"]
[Time "14:00:20"]
[TimeControl "2700+45"]

1. e4 e5 2. Nf3 Nc6 3. d4 exd4 4. Nxd4 Nf6 5. Nc3 Bb4 6. Bg5 h6 7. Nxc6 bxc6 8.
Bd2 O-O 9. Bd3 Qe7 10. O-O d6 11. Re1 Bc5 12. h3 Qe5 13. Qf3 a5 14. Bf4 Qd4 15.
Be3 Qe5 16. Bxc5 Qxc5 17. a3 Qd4 18. Rad1 Rb8 19. e5 g6 20. exf6 Rxb2 21. Nb1
Qb6 22. Qf4 Kh7 23. Nd2 d5 24. h4 h5 25. Bxg6+ fxg6 26. Re7+ Kg8 27. Qh6 Rf7 28.
Re8+ {Black resigns} 1-0

[Event "Team 45 45 League T45"]
[Site "Internet Chess Club"]
[Date "2010.05.25"]
[Round "3"]
[White "ChessicStudent"]
[Black "supraholic"]
[Result "0-1"]
[WhiteElo "1515"]
[BlackElo "1257"]
[Opening "QGD: Neo-orthodox variation, 7.Bh4"]
[ECO "D56"]
[Time "18:57:32"]
[TimeControl "2700+45"]

1. d4 d5 2. c4 e6 3. Nf3 Nf6 4. Nc3 Be7 5. Bg5 h6 6. Bh4 O-O 7. e3 Nbd7 8. Qc2
b6 9. cxd5 Nxd5 10. Nxd5 Bxh4 11. Nxc7 Rb8 12. Nxh4 Qxh4 13. Be2 Bb7 14. O-O
Rbc8 15. Rac1 Nf6 16. Qa4 a5 17. Rc4 Qg5 18. f3 Qxe3+ 19. Kh1 Qxe2 20. Rfc1 b5
21. Nxb5 Ng4 22. Rxc8 Rxc8 23. Nc3 Nf2+ 24. Kg1 Qe3 25. Qc2 Ba6 26. Ra1 Nd1+
{White resigns} 0-1

[Event "Team 45 45 League T45"]
[Site "Internet Chess Club"]
[Date "2010.05.20"]
[Round "3"]
[White "rayonline53"]
[Black "Magagna"]
[Result "1/2-1/2"]
[WhiteElo "1544"]
[BlackElo "1805"]
[Opening "Nimzo-Indian: classical variation"]
[ECO "E32"]
[Time "19:20:45"]
[TimeControl "2700+45"]

1. d4 Nf6 2. c4 e6 3. Nc3 Bb4 4. Qc2 O-O 5. Nf3 c5 6. e3 Nc6 7. Be2 d6 8. O-O a6
9. Bd2 Qc7 10. a3 Bxc3 11. Bxc3 cxd4 12. Nxd4 e5 13. Nxc6 bxc6 14. Rac1 a5 15.
h3 Qe7 16. Rfd1 Rd8 17. b4 axb4 18. axb4 Be6 19. Ra1 Nd7 20. Rxa8 Rxa8 21. Ra1
Rxa1+ 22. Bxa1 Qg5 23. Kh1 Qh4 24. Kg1 Qg5 25. Kh1 Qh4 26. Kg1 h6 27. b5 c5 28.
Qa2 Nb6 29. Qa7 Qd8 30. Bc3 Bxc4 31. Bxc4 Nxc4 32. Qa4 Nb6 33. Qa7 {Game drawn
by mutual agreement} 1/2-1/2

[Event "Team 45 45 League T45"]
[Site "Internet Chess Club"]
[Date "2010.05.24"]
[Round "3"]
[White "gerailen0075"]
[Black "loserloser"]
[Result "1/2-1/2"]
[WhiteElo "1847"]
[BlackElo "1653"]
[Opening "Ruy Lopez: Anderssen variation"]
[ECO "C77"]
[Time "12:11:22"]
[TimeControl "2700+45"]

1. e4 e5 2. Nf3 Nc6 3. Bb5 a6 4. Ba4 Nf6 5. d3 d6 6. c3 b5 7. Bc2 Be7 8. Nbd2
O-O 9. O-O Bg4 10. h3 Bd7 11. Re1 Re8 12. d4 Bf8 13. d5 Ne7 14. Nf1 g6 15. Bg5
Bg7 16. Qd2 Nc8 17. a4 Nb6 18. a5 Nc8 19. b4 Rb8 20. Qe3 Ne7 21. Rad1 Qc8 22.
Bxf6 Bxf6 23. Qh6 Bg7 24. Qh4 Qd8 25. N1h2 Nc8 26. Qg3 Bh6 27. Ng4 Bf4 28. Qh4
Qxh4 29. Nxh4 Kg7 30. g3 Bg5 31. Nf3 Bd8 32. Kg2 {Game drawn by mutual
agreement} 1/2-1/2

[Event "Team 45 45 League T45"]
[Site "Internet Chess Club"]
[Date "2010.05.22"]
[Round "3"]
[White "CheeryCherry"]
[Black "ILRE"]
[Result "1-0"]
[WhiteElo "1707"]
[BlackElo "1580"]
[Opening "Pirc defense"]
[ECO "B07"]
[Time "09:31:54"]
[TimeControl "2700+45"]

1. e4 d6 2. d4 Nf6 3. Nc3 g6 4. Be2 Bg7 5. Be3 O-O 6. g4 e5 7. dxe5 dxe5 8. h3
c6 9. g5 Qxd1+ 10. Rxd1 Nfd7 11. h4 Re8 12. h5 Nb6 13. h6 Bf8 14. a3 Be6 15. Nf3
N8d7 16. b4 Rad8 17. O-O Bg4 18. Nd2 Bxe2 19. Nxe2 f6 20. c4 fxg5 21. Bxg5 Be7
22. Be3 Nf6 23. c5 Nbd7 24. f3 b5 25. Nb3 Rc8 26. Na5 Rc7 27. Rd2 Nf8 28. Rfd1
Ne6 29. Nc1 Nf4 30. Nd3 Nxd3 31. Rxd3 Rcc8 32. Nb7 Rc7 33. Na5 Rcc8 34. Bg5 Kf7
35. Bxf6 Kxf6 36. Rd7 a6 37. Ra7 Kg5 38. Rxa6 Kf4 39. Rd3 Bg5 40. Rxc6 Bxh6 41.
Rxc8 Rxc8 42. Nb7 Rc7 43. Nd6 Rd7 44. c6 Rc7 45. Rc3 Kg3 46. Nxb5 Re7 47. c7 Rd7
48. f4+ Kxf4 49. c8=Q Rd1+ 50. Kf2 Rd2+ 51. Ke1 Kxe4 52. Qc6+ Kf5 53. Nd6+ Kg4
54. Qf3+ Kh4 55. Qg3+ Kh5 56. Qxe5+ Kg4 57. Rc4+ Kf3 58. Qe4+ Kg3 59. Rc3+ Kh2
60. Qh4+ {Black resigns} 1-0

[Event "Team 45 45 League T45"]
[Site "Internet Chess Club"]
[Date "2010.05.24"]
[Round "3"]
[White "BrandonBee"]
[Black "radiohead"]
[Result "1-0"]
[WhiteElo "1533"]
[BlackElo "1367"]
[Opening "Sicilian: O'Kelly variation"]
[ECO "B28"]
[Time "16:00:24"]
[TimeControl "2700+45"]

1. e4 c5 2. Nf3 a6 3. b3 Nc6 4. Bb2 e6 5. Nc3 d6 6. d4 cxd4 7. Nxd4 e5 8. Nf3
Nf6 9. Be2 Be7 10. O-O O-O 11. h3 h6 12. Nh2 Be6 13. f4 exf4 14. Rxf4 Qc7 15.
Nd5 Bxd5 16. exd5 Ne5 17. c4 Nh7 18. Nf3 Bf6 19. Nxe5 Bxe5 20. Bxe5 dxe5 21. Rf2
Qc5 22. Qf1 Nf6 23. Bd3 e4 24. Bc2 e3 25. Re2 Rae8 26. Qf5 Qd6 27. Rae1 Re5 28.
Qf3 Rfe8 29. Kh1 Qc5 30. Qg3 Nh5 31. Qh4 Rg5 32. g4 Nf4 33. Rh2 e2 34. Qg3 Ng6
35. Rhxe2 Rxe2 36. Rxe2 Qd4 37. Bxg6 Rxg6 38. Qe5 Qd1+ 39. Re1 Qf3+ 40. Kh2 Rf6
41. Qe8+ Kh7 42. Qe4+ Kg8 43. Qxf3 Rxf3 44. Rd1 Rf2+ 45. Kg3 Rxa2 46. d6 Ra3 47.
Rd3 {Black resigns} 1-0

[Event "Team 45 45 League T45"]
[Site "Internet Chess Club"]
[Date "2010.05.22"]
[Round "3"]
[White "Paulkov"]
[Black "Geeloo"]
[Result "1-0"]
[WhiteElo "2249"]
[BlackElo "2108"]
[Opening "Ruy Lopez: Schliemann defense, Berger variation"]
[ECO "C63"]
[Time "15:00:21"]
[TimeControl "2700+45"]

1. e4 e5 2. Nf3 Nc6 3. Bb5 f5 4. Nc3 fxe4 5. Nxe4 d5 6. Ng3 Bg4 7. h3 Bxf3 8.
Qxf3 Nf6 9. O-O Bd6 10. Nh5 e4 11. Nxf6+ Qxf6 12. Qxf6 gxf6 13. d3 f5 14. dxe4
dxe4 15. Bc4 Rf8 16. a3 Nd4 17. c3 b5 18. Rd1 bxc4 19. Rxd4 Rb8 20. Rxc4 Rb3 21.
Ra4 Bc5 22. Ra5 Bb6 23. Re5+ Kd7 24. Bh6 Rf7 25. Rd1+ Kc6 26. Rd2 Bc5 27. Be3
Bd6 28. Ra5 Rf8 29. g3 Rfb8 30. Rxf5 Rxb2 31. Rxb2 Rxb2 32. Bxa7 Rb3 33. Bd4 e3
34. Bxe3 Rxc3 35. a4 Bxg3 36. fxg3 Rxe3 37. Kf2 Ra3 38. a5 Kd6 39. Rh5 c5 40. a6
c4 41. Rxh7 c3 42. Ke2 c2 43. Kd2 Rc3 44. Kc1 Rxg3 45. Kxc2 Ra3 46. Kb2 Ra5 47.
Kb3 Ra1 48. Kc4 Rc1+ 49. Kd3 Kd5 50. h4 Ra1 51. a7 Ra3+ 52. Ke2 Ke4 53. h5 Ra2+
54. Kd1 Kf5 55. Kc1 Ke5 56. Rg7 Kf6 57. h6 Ra6 58. Rb7 Kg6 59. h7 Ra1+ 60. Kb2
Rh1 61. a8=Q {Black resigns} 1-0

[Event "Team 45 45 League T45"]
[Site "Internet Chess Club"]
[Date "2010.05.21"]
[Round "3"]
[White "spunni"]
[Black "az2112"]
[Result "1/2-1/2"]
[WhiteElo "1918"]
[BlackElo "1756"]
[Opening "Four knights: Scotch, 4...exd4"]
[ECO "C47"]
[Time "12:00:17"]
[TimeControl "2700+45"]

1. e4 e5 2. Nf3 Nc6 3. Nc3 Nf6 4. d4 exd4 5. Nxd4 Bb4 6. Nxc6 bxc6 7. Bd3 d5 8.
exd5 cxd5 9. O-O O-O 10. Bg5 c6 11. Qf3 Be7 12. Rae1 Rb8 13. Nd1 Be6 14. h3 h6
15. Bh4 Re8 16. Re2 Nd7 17. Bg3 Rb6 18. Rfe1 Nc5 19. Bf5 Bxf5 20. Qxf5 Ne6 21.
b3 Nd4 22. Qe5 Nxe2+ 23. Rxe2 c5 24. Qf5 d4 25. Nb2 Bf8 26. Rd2 Qe7 27. Nc4 Qe1+
28. Kh2 Rbe6 29. Rd3 Qe4 {Game drawn by mutual agreement} 1/2-1/2

[Event "Team 45 45 League T45"]
[Site "Internet Chess Club"]
[Date "2010.05.30"]
[Round "3"]
[White "Magagna"]
[Black "bogolijubov"]
[Result "1/2-1/2"]
[WhiteElo "1830"]
[BlackElo "1820"]
[Opening "Grünfeld: Stockholm variation"]
[ECO "D80"]
[Time "19:02:32"]
[TimeControl "2700+45"]

1. d4 Nf6 2. c4 g6 3. Nc3 d5 4. Bg5 Ne4 5. Nxe4 dxe4 6. e3 c5 7. Ne2 Bg7 8. Qa4+
Nc6 9. Rd1 Bd7 10. Qc2 Qa5+ 11. Qd2 Qxa2 12. Nc3 Qa5 13. Nb5 Qxd2+ 14. Rxd2 Rc8
15. Nc3 cxd4 16. Nxe4 Bf5 17. Ng3 Be6 18. Ne4 b6 19. h4 f5 20. Ng3 Kf7 21. h5
Rhd8 22. e4 Ne5 23. b3 b5 24. Be2 bxc4 25. bxc4 d3 26. hxg6+ hxg6 27. exf5 Bxf5
28. Nxf5 gxf5 29. Bh5+ Ke6 30. Ra2 Rxc4 31. Rxa7 Bf6 32. Ra6+ Rd6 33. Rxd6+ Kxd6
34. Bd2 Re4+ 35. Kd1 Ra4 36. Bc1 Nc4 37. Rh3 Ne5 38. f4 Ng4 39. Rxd3+ Rd4 40.
Rxd4+ Bxd4 41. Ba3+ Kd5 42. Bxg4 fxg4 43. Bxe7 Ke4 44. Bd6 Be3 45. Ke2 Bxf4 46.
Bc5 {Game drawn by mutual agreement} 1/2-1/2

[Event "Team 45 45 League T45"]
[Site "Internet Chess Club"]
[Date "2010.05.22"]
[Round "3"]
[White "CapitanTrueno"]
[Black "Salvatore"]
[Result "1-0"]
[WhiteElo "1777"]
[BlackElo "1575"]
[Opening "Sicilian: Alapin's variation (2.c3)"]
[ECO "B22"]
[Time "16:01:48"]
[TimeControl "2700+45"]

1. e4 c5 2. c3 g6 3. d4 cxd4 4. cxd4 d5 5. exd5 Nf6 6. Nc3 Nxd5 7. Nf3 Bg7 8.
Be2 O-O 9. O-O Nc6 10. a3 Bg4 11. Be3 Nxe3 12. fxe3 Rc8 13. Nd2 Bxe2 14. Qxe2
Nxd4 15. exd4 Bxd4+ 16. Kh1 Bxc3 17. bxc3 Rxc3 18. Ne4 Rc6 19. Rfc1 Re6 20. Qf3
b6 21. Rd1 Qc7 22. Rac1 Qe5 23. Ng3 Qa5 24. h3 b5 25. Ne4 Rb8 26. Ng5 Rf6 27.
Qe3 Re8 28. Rd7 a6 29. Rxe7 Rf8 30. Re8 Qb6 31. Rxf8+ Kxf8 32. Rc8+ Kg7 33. Qe5
Qd6 34. Qa1 Qg3 35. Qxf6+ {Black resigns} 1-0

[Event "Team 45 45 League T45"]
[Site "Internet Chess Club"]
[Date "2010.05.24"]
[Round "3"]
[White "AG2009"]
[Black "Campagnolo"]
[Result "1-0"]
[WhiteElo "2140"]
[BlackElo "2031"]
[Opening "Queen's pawn game, Darooha variation "]
[ECO "D02"]
[Time "05:00:30"]
[TimeControl "2700+45"]

1. d4 Nf6 2. Nf3 d5 3. g3 c6 4. Bg2 Bg4 5. O-O e6 6. b3 Nbd7 7. Bb2 Be7 8. Nbd2
O-O 9. Re1 Bf5 10. Nh4 a5 11. Nxf5 exf5 12. c4 Ne4 13. cxd5 cxd5 14. Nf3 Ndf6
15. Qd3 Bb4 16. Rf1 Rc8 17. Rac1 Qd6 18. Ne5 g6 19. e3 Qb6 20. f3 Ng5 21. Rc2
Rxc2 22. Qxc2 Ne6 23. Rc1 Bd6 24. Nd3 h5 25. Qd2 Re8 26. Ne5 Bf8 27. Bf1 Bh6 28.
Kg2 Ra8 29. Bd3 Nd8 30. Rc5 Bf8 31. Rb5 Qc7 32. Qc3 Nc6 33. Nxc6 bxc6 34. Rc5
Rc8 35. Rxa5 h4 36. Ra6 hxg3 37. hxg3 Bd6 38. Qa5 Qe7 39. Bc1 Bc7 40. Qc5 Bd6
41. Qc2 Qc7 42. f4 Ne4 43. Bb2 g5 44. Qc1 f6 45. a3 Qb7 46. b4 Kf7 47. Qd1 Rh8
48. Qa4 Kg6 49. Ra7 Qc8 50. Qa6 Qxa6 51. Rxa6 Rc8 52. Bxe4 fxe4 53. Bc3 gxf4 54.
gxf4 Kf5 55. a4 Ke6 56. b5 Kd7 57. Ra7+ Rc7 58. b6 {Black resigns} 1-0

[Event "Team 45 45 League T45"]
[Site "Internet Chess Club"]
[Date "2010.05.27"]
[Round "3"]
[White "nosalt"]
[Black "jefferyx"]
[Result "1-0"]
[WhiteElo "2053"]
[BlackElo "2113"]
[Opening "Sicilian defense"]
[ECO "B40"]
[Time "17:05:39"]
[TimeControl "2700+45"]

1. e4 c5 2. Nf3 e6 3. Nc3 Nc6 4. a3 Nf6 5. d4 cxd4 6. Nxd4 d5 7. Bb5 Bd7 8. exd5
exd5 9. O-O Be7 10. Re1 O-O 11. Nf3 a6 12. Bd3 Bg4 13. h3 Bh5 14. Bf4 Bc5 15.
Bg5 Nd4 16. g4 Bg6 17. Nxd4 Bxd4 18. Bxg6 Bxc3 19. Bxh7+ Kxh7 20. Qd3+ Kg8 21.
Qxc3 Qd6 22. Rad1 Rac8 23. Qd3 Qc6 24. c3 Rcd8 25. Re5 Rfe8 26. Rxe8+ Rxe8 27.
Bxf6 Qxf6 28. Qxd5 Qh6 29. Qf3 Re6 30. Rd8+ Kh7 31. Qxf7 Re1+ 32. Kg2 Qc6+ 33.
Qd5 {Black resigns} 1-0

[Event "Team 45 45 League T45"]
[Site "Internet Chess Club"]
[Date "2010.05.21"]
[Round "3"]
[White "fishhead"]
[Black "cesaralexander"]
[Result "1-0"]
[WhiteElo "2051"]
[BlackElo "1952"]
[Opening "Scandinavian (center counter) defense"]
[ECO "B01"]
[Time "14:12:28"]
[TimeControl "2700+45"]

1. e4 d5 2. exd5 Qxd5 3. Nc3 Qa5 4. d4 Nf6 5. Bc4 c6 6. Ne2 Bf5 7. Bf4 e6 8. O-O
Be7 9. a3 Nbd7 10. b4 Qd8 11. Ng3 Bg6 12. Qe2 O-O 13. Rad1 Nd5 14. Nxd5 cxd5 15.
Bd3 Bxd3 16. Qxd3 Rc8 17. Rfe1 Nf6 18. Re2 Rc4 19. Bd2 Qb6 20. Be1 Rfc8 21. Nf5
Bf8 22. Ne3 R4c7 23. b5 Ne4 24. c4 Rxc4 25. Nxc4 Rxc4 26. Rxe4 {Black resigns}
1-0

[Event "Team 45 45 League T45"]
[Site "Internet Chess Club"]
[Date "2010.05.22"]
[Round "3"]
[White "Budzo"]
[Black "chessbum"]
[Result "1-0"]
[WhiteElo "1831"]
[BlackElo "1847"]
[Opening "QGD semi-Slav: accelerated Meran (Alekhine variation)"]
[ECO "D15"]
[Time "11:00:17"]
[TimeControl "2700+45"]

1. Nf3 d5 2. d4 Nf6 3. c4 c6 4. Nc3 a6 5. e3 e6 6. Qc2 Nbd7 7. Bd3 Be7 8. O-O
dxc4 9. Bxc4 b5 10. Bd3 h6 11. e4 Nb6 12. h3 O-O 13. Be3 Qc7 14. Rac1 c5 15.
dxc5 Bxc5 16. Ne2 {Black resigns} 1-0

[Event "Team 45 45 League T45"]
[Site "Internet Chess Club"]
[Date "2010.05.20"]
[Round "3"]
[White "jrichman38"]
[Black "SCUGrad"]
[Result "1-0"]
[WhiteElo "1596"]
[BlackElo "1455"]
[Opening "King's Indian: orthodox, Aronin-Taimanov, Benkö attack"]
[ECO "E98"]
[Time "08:44:13"]
[TimeControl "2700+45"]

1. Nf3 Nf6 2. d4 g6 3. c4 Bg7 4. Nc3 O-O 5. e4 d6 6. Be2 e5 7. O-O Nc6 8. d5 Ne7
9. Ne1 Nd7 10. g4 f5 11. f3 fxg4 12. fxg4 Nc5 13. b4 Nd7 14. Nd3 Rxf1+ 15. Kxf1
b6 16. Be3 Nf6 17. c5 bxc5 18. bxc5 Rb8 19. cxd6 cxd6 20. Bxa7 Rb7 21. Be3 Qd7
22. Nf2 Rc7 23. Bb5 Qd8 {Black resigns} 1-0

[Event "Team 45 45 League T45"]
[Site "Internet Chess Club"]
[Date "2010.05.21"]
[Round "3"]
[White "Mark-SF"]
[Black "scottrugby"]
[Result "0-1"]
[WhiteElo "1457"]
[BlackElo "1431"]
[Opening "Sicilian: Hungarian variation"]
[ECO "B27"]
[Time "13:00:24"]
[TimeControl "2700+45"]

1. e4 c5 2. Nf3 g6 3. Bc4 Bg7 4. Nc3 e6 5. O-O Nf6 6. a3 Nc6 7. d4 cxd4 8. Nxd4
Nxd4 9. Qxd4 O-O 10. Qd3 Qc7 11. Ba2 Ng4 12. g3 Ne5 13. Qe2 b6 14. Bf4 a5 15.
Nb5 Qc5 16. Be3 Qc6 17. a4 Qxe4 18. f3 Qxa4 19. Bxe6 Qb4 20. c3 Qe7 21. Ba2 Ba6
22. c4 Rac8 23. Bxb6 Qb4 24. Bd4 Bxb5 25. Bxe5 Qc5+ 26. Kg2 Bxc4 27. Bxc4 Bxe5
28. b3 Bxa1 29. Rxa1 d5 30. Bd3 Qc3 31. Rb1 Rfe8 32. Qf1 Re3 33. Rd1 Qxb3 34.
Ba6 Rc2+ 35. Kh1 Rxf3 36. Qe1 Qe3 37. Qxa5 Qf2 38. Qd8+ Kg7 39. Qe7 Qxh2# {White
checkmated} 0-1

[Event "Team 45 45 League T45"]
[Site "Internet Chess Club"]
[Date "2010.05.24"]
[Round "3"]
[White "Rapidcitychess"]
[Black "AlPearson"]
[Result "1-0"]
[WhiteElo "1400"]
[BlackElo "1449"]
[Opening "Alekhine's defense: exchange variation"]
[ECO "B03"]
[Time "10:11:39"]
[TimeControl "2700+45"]

1. e4 Nf6 2. e5 Nd5 3. d4 d6 4. c4 Nb6 5. exd6 cxd6 6. Nf3 Bg4 7. Nc3 e6 8. Be3
Be7 9. Bd3 O-O 10. h4 Nc6 11. Bxh7+ Kh8 12. Bd3 Nb4 13. Bg5 Nxd3+ 14. Qxd3 d5
15. c5 Nc4 16. b3 Bf5 17. Qe2 Na3 18. Rc1 Rc8 19. Qb2 Nc2+ 20. Rxc2 Bxc2 21.
Qxc2 Re8 22. b4 b6 23. Ne5 Kg8 24. Bxe7 Qxe7 25. Nb5 a6 26. Nc3 bxc5 27. bxc5 f6
28. Ng6 Qc7 29. O-O e5 30. Nxd5 Qc6 31. Nde7+ {Black resigns} 1-0